 Seeded DCSS version 0.31-a0-1178-gc5c9b8f871 (webtiles) character file.

Game seed: 4157872149110189754 (custom seed)

319 bmack86 the Chopper (level 6, -24/51 HPs)
             Began as a Minotaur Fighter on Dec 12, 2023.
             Engulfed by a cloud of flame (32 damage)
             ... on level 3 of the Dungeon.
             The game lasted 00:06:28 (2925 turns).

bmack86 the Chopper (Minotaur Fighter)              Turns: 2925, Time: 00:06:30

Health: -24/51     AC:  8    Str: 29    XL:     6   Next: 21%
Magic:  5/5        EV:  9    Int:  5    God:
Gold:   118        SH:  4    Dex:  9    Spells: 5/5 levels left

rFire   . . .        a - +0 war axe
rCold   . . .        c - +0 buckler
rNeg    . . .        b - +0 scale mail
rPois   +            (helmet restricted)
rElec   .            p - +0 cloak
rCorr   .            (no gloves)
SInv    .            (no boots)
Will    .....        (no amulet) Stlth
                     h - ring of poison resistance
HPRegen 0.28/turn    o - +6 ring of strength
MPRegen 0.09/turn

%: no passive effects
@: no status effects
A: horns 2, retaliatory headbutt
a: no special abilities


You were on level 3 of the Dungeon.
You visited 1 branch of the dungeon, and saw 3 of its levels.

You collected 118 gold pieces.

Inventory:

Hand Weapons
 a - a +0 war axe (weapon)
Missiles
 n - 2 throwing nets
Armour
 b - a +0 scale mail (worn)
 c - a +0 buckler (worn)
 p - a +0 cloak (worn)
Jewellery
 h - a ring of poison resistance (left hand)
 l - a ring of resist corrosion
 o - a +6 ring of strength (right hand)
Wands
 j - a wand of flame (30) (quivered)
Scrolls
 k - a scroll of torment {unknown}
 m - a scroll of enchant weapon {unknown}
Potions
 d - a potion of might
 e - 4 potions of curing
 f - a potion of berserk rage {unknown}


   Skills:
 - Level 3.6 Fighting
 + Level 7.2 Axes
 - Level 3.6 Armour
 - Level 5.0 Shields


You had 5 spell levels left.
You didn't know any spells.
Your spell library contained the following spells:

 Spells                   Type           Power      Damage    Failure   Level
 Brom's Barrelling Bould  Conj/Erth      0%         2d3       100%        4
 Manifold Assault         Tloc           0%         N/A       100%        4
 Fireball                 Conj/Fire      0%         3d3       100%        5
 Iskenderun's Battlesphe  Conj           0%         2d6       100%        5
 Conjure Ball Lightning   Conj/Air       0%         3x3d6     100%        6
 Dispersal                Tloc           0%         N/A       100%        6
 Orb of Destruction       Conj           0%         9d5       100%        7
 Disjunction              Tloc           0%         N/A       100%        8


Dungeon Overview and Level Annotations

Branches:
Dungeon (3/15)

Altars:

Shops:
D:1 (


Innate Abilities, Weirdness & Mutations

You have a pair of horns on your head.
You reflexively headbutt those who attack you in melee.


Message History

You feel yourself speed up.
You see here a +1 heavy hammer.
Done exploring.
There is an open translucent door, spattered with blood here.
You see here a +4 quarterstaff of chaos.
There is a stone staircase leading down here.
You climb downwards.
Found a leather armour.
There is a stone staircase leading up here.
There is a stone staircase leading up here.
Found a flail.
Found a stone staircase leading up.
You see here a +0 flail.
You see here a +0 flail.
Found a scroll of noise.
You don't know any spells.
Found 5 stones.
A ball python comes into view.
The ball python hisses angrily.
The ball python moves out of view.
As you read the scroll labelled HUDYME XUPIGAYFF, it crumbles to dust.
It is a scroll of identify.
e - 4 potions of curing
As you read the scroll labelled RINIUS RASOR, it crumbles to dust.
The creatures around you are filled with an inner flame!
It was a scroll of immolation.
The ball python closely misses you. x2
The ball python attacks as it pursues you!
The ball python bites you but does no damage.
You block the ball python's attack.
The ball python bites you but does no damage.
The ball python grabs you. The ball python constricts you.
You slash the ball python!
The ball python explodes!
The fiery explosion engulfs you!!!
Ouch! That really hurt!
* * * LOW HITPOINT WARNING * * *
You are engulfed in blazing flames.
Ouch! That really hurt!
You die...

# #. ###.#
#.....
#.....###
........#
......#ยง#
..... #.#
.##.###@#
#..##.#
#(##.# #.##.#
# #.##.#
#.###.##.#
#........####
###...?.....#
#.#.#####.#


There were no monsters in sight!

Vanquished Creatures
  Crazy Yiuf (D:2)
  Jessica (D:2)
  Natasha (thrice) (D:2)
  Robin (D:2)
  2 adders (D:2)
  7 gnolls (D:2)
  2 worms (D:2)
  3 dart slugs (D:1)
  8 ball pythons
  An endoplasm (D:2)
  2 giant cockroaches (D:1)
  8 goblins
  13 hobgoblins
  5 jackals
  A quokka (D:2)
  3 bats
  5 frilled lizards
  8 kobolds
  14 rats
88 creatures vanquished.

Vanquished Creatures (others)
  A goblin (D:2)
1 creature vanquished.

Grand Total: 89 creatures vanquished

Notes
Turn   | Place    | Note
-------+----------+-------------------------------------------
     0 | D:1      | bmack86 the Minotaur Fighter began the quest for the Orb.
     0 | D:1      | Reached XP level 1. HP: 19/19 MP: 0/0
    68 | D:1      | Reached XP level 2. HP: 26/26 MP: 1/1
   178 | D:1      | Reached skill level 3 in Axes
   248 | D:1      | Reached XP level 3. HP: 31/31 MP: 2/2
   554 | D:1      | Found Dewos's Weapon Shoppe.
  1204 | D:2      | Found a runed translucent door.
  1205 | D:2      | Noticed Crazy Yiuf
  1241 | D:2      | Reached skill level 5 in Shields
  1316 | D:2      | Noticed Robin
  1327 | D:2      | Killed Robin
  1328 | D:2      | Reached skill level 4 in Axes
  1328 | D:2      | Reached XP level 4. HP: 26/39 MP: 3/3
  1613 | D:2      | Noticed Jessica
  1619 | D:2      | Killed Jessica
  1620 | D:2      | Reached skill level 5 in Axes
  1678 | D:2      | Reached XP level 5. HP: 42/45 MP: 4/4
  1952 | D:2      | Identified the +1 leather armour of Citav {^Drain rC+
                  | Regen+ Int+2}
  1971 | D:2      | Noticed Natasha
  1983 | D:2      | Killed Natasha
  1984 | D:2      | Reached skill level 6 in Axes
  2439 | D:2      | Noticed Natasha
  2441 | D:2      | Killed Natasha
  2442 | D:2      | Reached XP level 6. HP: 51/51 MP: 5/5
  2546 | D:2      | Noticed Natasha
  2555 | D:2      | Killed Natasha
  2556 | D:2      | Reached skill level 7 in Axes
  2801 | D:2      | Killed Crazy Yiuf
  2925 | D:3      | Engulfed by a cloud of flame

Illustrated notes

Levels and vault maps discovered:
D:1:      tarquinn_simple_flora_water_f, layout_basic, serial_shops,
          shop_fountains, minmay_misc_feat_cross, minmay_rat_gold_closets
D:2:      layout_loops_corners, minmay_increasing_density, uniq_jessica,
          uniq_natasha, uniq_crazy_yiuf_cottage, uniq_robin
D:3:      layout_loops_ring, mainiacjoe_overflow_small_starburst, serial_shops,
          shop, hellmonk_ecumenical_altar_run_dry

Skill      XL: |  1  2  3  4  5  6 |
---------------+-------------------+-----
Shields        | 4 5 |  5.0
Axes           | 3 4 5 6 7 |  7.2
Fighting       | |  3.6
Armour         | |  3.6

Action                     |  1- 3 |  4- 6 || total
---------------------------+-------+-------++-------
  Melee: War axe           |    76 |    95 ||   171
         Headbutt          |     9 |    13 ||    22
  Evoke: Wand              |       |     6 ||     6
    Use: Scroll            |     3 |     2 ||     5
 Armour: Scale mail        |    57 |    68 ||   125
  Dodge: Dodged            |    30 |    39 ||    69
  Block: Buckler           |    17 |    23 ||    40

Table legend: (Time is in decaauts)
 A = Elapsed time spent in this place.
 B = Non-inter-level travel time spent in this place.
 C = Inter-level travel time spent in this place.
 D = Time resting spent in this place.
 E = Time spent auto-exploring this place.
 F = Levels seen in this place.
 G = Mean time per level.
                   A        B        C        D        E       F      G
               +--------+--------+--------+--------+--------+-----+--------+
         Total |   2984 |   2942 |     42 |    100 |   2185 |   3 |  994.7 |
       Dungeon |   2984 |   2942 |     42 |    100 |   2185 |   3 |  994.7 |
               +--------+--------+--------+--------+--------+-----+--------+

Top non-repeatable levels by time:
     D:2: 1880 daAuts
     D:1: 1064 daAuts
     D:3: 38 daAuts
